 Dungeon Crawl Stone Soup version 0.29-a0-286-g41199d4a87 (webtiles) character file.

Game seed: 17127881419772755881

5118 Zivar the Covert (level 10, -1/46 HPs)
             Began as a Spriggan Enchanter on Mar 16, 2022.
             Was a Believer of Dithmenos.
             Slain by an orc warrior
             ... wielding a +0 war axe
              (13 damage)
             ... on level 7 of the Dungeon.
             The game lasted 00:26:41 (11356 turns).

Zivar the Covert (Spriggan Enchanter)              Turns: 11356, Time: 00:26:41

Health: -1/46      AC:  3    Str: 10    XL:     10   Next: 32%
Magic:  17/25      EV: 19    Int: 16    God:    Dithmenos [**....]
Gold:   383        SH:  0    Dex: 19    Spells: 19/30 levels left

rFire   . . .      SeeInvis +   a - +1 dagger
rCold   . . .      Faith    .   (no shield)
rNeg    . . .      Spirit   .   b - +1 robe
rPois   .          Reflect  .   (helmet restricted)
rElec   .          Harm     .   (no cloak)
rCorr   .          Rampage  .   (gloves unavailable)
Will    +....                   (boots unavailable)
Stlth   +++++++...              (no amulet)
HPRegen 0.15/turn               f - ring of flight
MPRegen 0.19/turn               (no ring)

@: flying, wreathed by umbra, very quick
A: very small, no large weapons, unfitting armour, see invisible, speed 3, agile
1, strong 1
a: Renounce Religion, Shadow Step


You were on level 7 of the Dungeon.
You worshipped Dithmenos.
Dithmenos was pleased with you.
You visited 2 branches of the dungeon, and saw 9 of its levels.
You also visited: Sewer.

You collected 383 gold pieces.

Inventory:

Hand Weapons
 a - a +1 dagger (weapon)
Missiles
 o - 5 poisoned darts (quivered)
 q - 2 atropa-tipped darts
 r - 8 curare-tipped darts
 u - a throwing net
Armour
 b - a +1 robe (worn)
Jewellery
 f - a ring of flight (left hand)
 z - a +6 ring of dexterity
Wands
 m - a wand of paralysis (1)
 w - a wand of polymorph (10)
 y - a wand of acid (7)
Scrolls
 i - a scroll of enchant armour
 k - 2 scrolls of teleportation
 v - a scroll of holy word
 x - a scroll of fog
Potions
 c - 2 potions of invisibility
 d - 4 potions of cancellation
 e - a potion of mutation
 g - 2 potions of haste
 h - 3 potions of resistance
 j - 2 potions of heal wounds
 l - 2 potions of lignification
 n - a potion of berserk rage {unknown}
 p - 5 potions of curing
 s - 2 potions of magic {unknown}
 t - a potion of flight {unknown}


   Skills:
 + Level 1.8 Fighting
 + Level 2.9 Short Blades
 + Level 4.3 Dodging
 + Level 12.9 Stealth
 + Level 10.8 Spellcasting
 + Level 11.1 Hexes


You had 19 spell levels left.
You knew the following spells:

 Your Spells              Type           Power      Damage    Failure   Level
a - Ensorcelled Hibernat  Hex/Ice        52%        N/A       1%          2
b - Tukima's Dance        Hex            44%        N/A       1%          3
c - Dazzling Flash        Conj/Hex       52%        N/A       2%          3
d - Confusing Touch       Hex            44%        N/A       1%          3

Your spell library contained the following spells:

 Spells                   Type           Power      Damage    Failure   Level
 Summon Guardian Golem    Hex/Summ       26%        N/A       2%          3
 Magic Dart               Conj           32%        1d4       9%          1
 Summon Small Mammal      Summ           32%        N/A       9%          1
 Call Imp                 Summ           8%         N/A       13%         2
 Silence                  Hex/Air        13%        N/A       24%         5
 Call Canine Familiar     Summ           8%         N/A       26%         3
 Mephitic Cloud           Conj/Pois/Air  8%         N/A       26%         3
 Ozocubu's Armour         Ice            8%         N/A       26%         3
 Agony                    Necr           8%         N/A       93%         5
 Ozocubu's Refrigeration  Ice            4%         4d5       100%        7


Dungeon Overview and Level Annotations

Branches:
Dungeon (8/15)             Temple (1/1) D:4            Lair (0/6) D:8
  Sewer (visited)

Altars:
Cheibriados
Dithmenos
Elyvilon
Hepliaklqana
Kikubaaqudgha
Makhleb
Okawaru
Qazlal
Ru
Sif Muna
Trog
Uskayaw
Vehumet
Wu Jian
Xom
Yredelemnul
Zin
The Shining One


Innate Abilities, Weirdness & Mutations

You are very small and have problems with some larger weapons.
You are too small for most types of armour.
You have supernaturally acute eyesight. (SInv)
You cover ground extremely quickly. (Speed+++)
You are agile. (Dex +2)
Your muscles are strong. (Str +2)


Message History

An orc comes into view. It is wielding a +1 mace of protection.
Found an escape hatch in the ceiling.
An orc warrior comes into view. It is wielding a +0 war axe.
An orc comes into view. It is wielding a +0 dagger.
The orc shouts!
An orc comes into view. It is wielding a +0 flail.
A water moccasin comes into view.
You see here a +6 ring of dexterity.
z - a +6 ring of dexterity The orc barely misses you.
Unknown command.
Unknown command.
Unknown command.
Unknown command.
The orc warrior shouts!
The orc shouts! x2
Found 14 stones.
There is an escape hatch in the ceiling here.
The orc warrior closely misses you. A mysterious force pulls you upwards.
The hatch slams shut behind you.
Casting: Ensorcelled Hibernation (safe; 1% risk of failure)
Confirm with . or Enter, or press ? or * to list all spells.
Aiming: Ensorcelled Hibernation (safe; 1% risk of failure)
Press: ? - help, Shift-Dir - straight line, f - orc warrior
Aim: an orc warrior, wielding a +0 war axe, wearing a +0 chain mail and quivering boomerangs (chance to affect: 57%)
The orc warrior resists with significant effort.
The orc warrior throws a boomerang.
The boomerang closely misses you.
Casting: Ensorcelled Hibernation (safe; 1% risk of failure)
Confirm with . or Enter, or press ? or * to list all spells.
Aiming: Ensorcelled Hibernation (safe; 1% risk of failure)
Press: ? - help, Shift-Dir - straight line, f/p - orc warrior
Aim: an orc warrior, wielding a +0 war axe, wearing a +0 chain mail and quivering boomerangs (chance to affect: 57%)
The orc warrior looks drowsy...
You are too injured to fight recklessly!
You are too injured to fight recklessly!
You are too injured to fight recklessly!
The orc warrior shouts!
The orc warrior throws a boomerang.
The boomerang completely misses you.
The orc warrior hits you with a +0 war axe!
You die...

#.# #....[..... #.#
#....)..... #.#
#######.###+##'##
#.#####.......#.....#..
#.##..........#.....#..
#.##..........+##+##'##
#.##......)..##..#.....
#.##.........##..#+###'
#..'.o@...)..+#..#.....
####..........+..+.._..
#....#######..#.....
#....# #..#+###+
##....#######..#.....
#.....'.....+##'##'##
#...).#######.....#..
#...).......#.....#..
#.##[##########+##'##


You could see an orc warrior.

Vanquished Creatures
  A manticore (D:8)
  Maggie (D:8)
  2 trolls (D:8)
  A yak (D:8)
  Eustachio (D:4)
  A steam dragon (D:7)
  Duvessa (D:6)
  3 sky beasts
  An orc warrior (D:7)
  A black bear (D:5)
  2 ice beasts
  Pargi (Sewer)
  2 ogres (D:5)
  A wolf (D:8)
  A phantom (D:6)
  2 kobold brigands
  A bullfrog (D:7)
  2 necrophages
  2 gnoll sergeants
  A scorpion (D:6)
  4 wights (D:7)
  Dowan (D:6)
  11 killer bees
  An electric eel (D:8)
  3 howler monkeys (D:7)
  7 hounds
  2 jellies
  A gnoll shaman (D:7)
  5 iguanas
  An orc wizard (D:7)
  8 gnolls
  A river rat (D:3)
  9 adders
  A white imp (D:6)
  3 ufetubi
  4 worms (D:3)
  3 dart slugs
  7 orcs
  5 endoplasms
  3 giant cockroaches
  11 hobgoblins
  4 jackals (D:4)
  A quokka (D:2)
  3 ball pythons
  3 bats
  3 frilled lizards
  5 goblins
  9 kobolds
  5 rats
152 creatures vanquished.

Vanquished Creatures (collateral kills)
  5 wights
  Terence (D:2)
  4 gnolls (D:7)
  6 orcs
  A kobold (D:7)
17 creatures vanquished.

Vanquished Creatures (others)
  6 dancing weapons (D:7)
6 creatures vanquished.

Grand Total: 175 creatures vanquished

Notes
Turn   | Place    | Note
-------+----------+-------------------------------------------
     0 | D:1      | Zivar the Spriggan Enchanter began the quest for the Orb.
     0 | D:1      | Reached XP level 1. HP: 9/9 MP: 5/5
   354 | D:2      | Noticed Terence
   728 | D:2      | Reached XP level 2. HP: 3/13 MP: 7/7
   731 | D:2      | Learned a level 2 spell: Ensorcelled Hibernation
  1267 | D:1      | Found a faded altar of an unknown god.
  1831 | D:1      | You fall into a shaft and drop 1 floor!
  2224 | D:2      | Gained mutation: You are agile. (Dex +2) [potion of
                  | mutation]
  2224 | D:2      | Gained mutation: You are robust. (+10% HP) [potion of
                  | mutation]
  2224 | D:2      | Lost mutation: You are robust. (+10% HP) [potion of
                  | mutation]
  2224 | D:2      | Gained mutation: Your muscles are strong. (Str +2) [potion
                  | of mutation]
  2323 | D:2      | Reached XP level 3. HP: 16/16 MP: 9/9
  2327 | D:2      | Learned a level 3 spell: Tukima's Dance
  2331 | D:2      | Learned a level 3 spell: Confusing Touch
  2580 | D:2      | Killed Terence
  2774 | D:3      | Found a glowing golden altar of the Shining One.
  2830 | D:3      | Reached XP level 4. HP: 10/21 MP: 1/11
  2923 | D:3      | Reached skill level 5 in Hexes
  2938 | D:3      | Found a glowing drain.
  2953 | Sewer    | Entered a sewer
  3053 | Sewer    | Noticed Pargi
  3076 | Sewer    | Killed Pargi
  3077 | Sewer    | Reached skill level 5 in Spellcasting
  3077 | Sewer    | Reached XP level 5. HP: 3/24 MP: 8/13
  3682 | D:3      | Found a shimmering blue altar of Sif Muna.
  4173 | D:4      | Learned a level 3 spell: Dazzling Flash
  4589 | D:4      | Found a staircase to the Ecumenical Temple.
  4595 | Temple   | Entered the Ecumenical Temple
  4771 | Temple   | Became a worshipper of Dithmenos the Shadowed
  4825 | D:4      | Reached skill level 5 in Stealth
  4851 | D:4      | Noticed Eustachio
  4910 | D:4      | Killed Eustachio
  4911 | D:4      | Reached XP level 6. HP: 14/28 MP: 9/15
  5468 | D:5      | Entered Level 5 of the Dungeon
  5472 | D:5      | Reached skill level 6 in Stealth
  5529 | D:5      | Reached XP level 7. HP: 31/32 MP: 14/17
  5580 | D:5      | Reached skill level 7 in Stealth
  6415 | D:5      | Found a radiant altar of Vehumet.
  6697 | D:6      | Reached skill level 8 in Stealth
  6699 | D:6      | Noticed Duvessa
  6699 | D:6      | Noticed Dowan
  6710 | D:6      | Killed Duvessa
  6711 | D:6      | Reached XP level 8. HP: 16/36 MP: 9/20
  6714 | D:6      | Killed Dowan
  6952 | D:6      | Reached * piety under Dithmenos
  7383 | D:6      | Found a hide-covered altar of Uskayaw.
  7398 | D:6      | Reached skill level 9 in Stealth
  8392 | D:7      | Reached skill level 10 in Stealth
  8557 | D:7      | Reached XP level 9. HP: 25/39 MP: 15/22
  8954 | D:7      | Found an ancient bone altar of Kikubaaqudgha.
  8980 | D:7      | Reached skill level 11 in Stealth
  9001 | D:7      | Reached skill level 10 in Hexes
  9386 | D:7      | Reached ** piety under Dithmenos
  9511 | D:7      | Reached skill level 10 in Spellcasting
  9766 | D:7      | Found an ornate altar of the Wu Jian Council.
  9831 | D:8      | Noticed a manticore
  9834 | D:8      | Killed a manticore
  9835 | D:8      | Reached skill level 12 in Stealth
  9835 | D:8      | Noticed a troll
  9841 | D:8      | Killed a troll
 10145 | D:8      | Noticed Maggie
 10146 | D:8      | Noticed a troll
 10323 | D:8      | Killed Maggie
 10324 | D:8      | Reached skill level 1 in Fighting
 10324 | D:8      | Reached XP level 10. HP: 40/45 MP: 16/25
 10584 | D:8      | Found a staircase to the Lair.
 11356 | D:7      | Slain by an orc warrior

Illustrated notes

Levels and vault maps discovered:
D:1:      lemuel_arrival_hallway, layout_basic, shapermc_ecumenical_altar_gd
D:2:      layout_loops_corners, uniq_terence
D:3:      layout_basic, mainiacjoe_overflow_alcove_2, lemuel_blue_sif_altar,
          lightli_sewer_entry_pipes, uniq_jessica
D:4:      layout_loops_ring, minmay_temple_entry_grid,
          kennysheep_opposing_triangles, uniq_eustachio
D:5:      layout_rooms, mainiacjoe_overflow_surrounded_room
D:6:      layout_loops_ring, nicolae_uskayaw_dance_studio, uniq_duvessa
D:7:      layout_basic, mainiacjoe_overflow_24_doors,
          nicolae_wu_jian_immortal_techniques
D:8:      layout_layer_cave, erik_lair_island, uniq_maggie
Temple:   nicolae_temple_figure_eight

Skill      XL: |  1  2  3  4  5  6  7  8  9 10 |
---------------+-------------------------------+-----
Spellcasting   | 3 4 5 6 7 8 10 | 10.8
Hexes          | 4 5 6 8 9 10 11 | 11.1
Stealth        | 5 6 8 10 12 | 12.9
Dodging        | 3 4 |  4.3
Fighting       | 1 |  1.8
Short Blades   | 2 |  2.9

Action                   |  1- 3 |  4- 6 |  7- 9 | 10-12 || total
-------------------------+-------+-------+-------+-------++-------
Melee: Dagger            |   110 |   132 |   213 |    47 ||   502
       Punch             |       |     2 |     2 |       ||     4
 Cast: Ensorcelled Hiber |     9 |    20 |    54 |    26 ||   109
       Tukima's Dance    |     1 |       |    35 |     2 ||    38
       Confusing Touch   |       |     2 |    11 |       ||    13
Evoke: Wand              |       |       |     9 |       ||     9
  Use: Scroll            |     7 |     5 |     4 |     1 ||    17
       Potion            |     1 |     1 |     1 |       ||     3
 Stab: Sleeping          |     9 |    30 |    51 |    15 ||   105
       Confused          |       |     2 |    10 |       ||    12
       Paralysed         |       |       |     2 |       ||     2
       Distracted        |       |       |     1 |       ||     1
Armor: Robe              |    16 |    16 |    14 |       ||    46
Dodge: Dodged            |    87 |    94 |   148 |    49 ||   378

Table legend: (Time is in decaauts)
 A = Elapsed time spent in this place.
 B = Non-inter-level travel time spent in this place.
 C = Inter-level travel time spent in this place.
 D = Time resting spent in this place.
 E = Time spent auto-exploring this place.
 F = Levels seen in this place.
 G = Mean time per level.
                   A        B        C        D        E       F      G
               +--------+--------+--------+--------+--------+-----+--------+
         Total |   9002 |   8836 |    166 |   1588 |   5695 |  10 |  900.2 |
       Dungeon |   8447 |   8294 |    153 |   1326 |   5459 |   8 | 1055.9 |
        Temple |    124 |    112 |     12 |      0 |    108 |   1 |  124.0 |
         Sewer |    430 |    430 |      0 |    262 |    127 |   1 |  430.0 |
               +--------+--------+--------+--------+--------+-----+--------+

Top non-repeatable levels by time:
     D:7: 1648 daAuts
     D:2: 1222 daAuts
     D:8: 1218 daAuts
     D:4: 1162 daAuts
     D:6: 1156 daAuts
     D:5: 811 daAuts
     D:1: 762 daAuts
     D:3: 463 daAuts
   Sewer: 430 daAuts
  Temple: 124 daAuts
